[Event "*** SCC Grand Prix: Titled Tuesday Blitz"]
[Site "Chess.com"]
[Date "2020.06.09"]
[Round "7"]
[White "moro182"]
[Black "KobyKalavannan"]
[Result "0-1"]
[WhiteElo "2633"]
[BlackElo "2533"]
[TimeControl "180+1"]
[EndTime "10:20:20 PDT"]
[Termination "KobyKalavannan won by checkmate"]

1. d4 Nf6 2. c4 g6 3. g3 Bg7 4. Bg2 O-O 5. Nc3 d6 6. Nf3 Nc6 7. O-O Bf5 8. Nh4 Bd7 9. f4 e5 10. d5 Na5 11. fxe5 dxe5 12. Qd3 c6 13. e4 cxd5 14.
exd5 Rc8 15. b3 e4 16. Qe2 Nxd5 17. Nxd5 Bxa1 18. Ba3 Bd4+ 19. Kh1 Re8 20. Qd2 Nc6 21. Bb2 e3 22. Qe2 Be6 23. Bxd4 Nxd4 24. Qb2 Bxd5 25.
Bxd5 Ne6 26. Ng2 Qg5 27. Qe2 Nd4 28. Bxf7+ Kh8 29. Qb2 Red8 30. Bd5 Qe5 31. Re1 Rxd5 32. Rxe3 Qf6 33. Nf4 Rd7 34. Rd3 Rcd8 35. Kg2 Qf5 36. Rd2 Qe4+ 37. Kh3 g5 38. Nd5 g4+ 39. Kh4 Rxd5 40.
cxd5 Rxd5 41. Qc3 Kg8 42. Qc8+ Kf7 43. Qxb7+ Ke6 44. Qc8+ Rd7 45. Qc4+ Ke5 46. Qc5+ Rd5 47. Qe7+ Kf5 48. Qxh7+ Ke5 49. Qe7+ Ne6 50. Rxd5+ Qxd5 51.
Kxg4 Qe4+ 52. Kh3 Qf5+ 53. Kg2 Qe4+ 54. Kh3 Qf5+ 55. Kg2 Qc2+ 56. Kh3 Qe2 57. Qe8 Qf1+ 58. Kh4 Qf5 59. g4 Qh7+ 60. Kg3 Qd3+ 61. Kh4 Qe2 62. Qh5+ Kd4 63. Qh8+ Kd3 64. Qh7+ Kc3 65. Qh8+ Kc2 66. Qc8+ Kb2 67. Qb8 Qe1+ 68. Kh5 Kxa2 69. b4 Qe4 70. Qxa7+ Kb3 71. Qf2 Qh7# 0-1

[Event "*** SCC Grand Prix: Titled Tuesday Blitz"]
[Site "Chess.com"]
[Date "2020.06.09"]
[Round "7"]
[White "Fortitudine"]
[Black "Martins-BR"]
[Result "0-1"]
[WhiteElo "2249"]
[BlackElo "2094"]
[TimeControl "180+1"]
[EndTime "10:20:20 PDT"]
[Termination "Martins-BR won by resignation"]

1. c4 f5 2. g3 Nf6 3. Bg2 g6 4. Nc3 d6 5. d3 Bg7 6. e4 Nc6 7. Nge2 O-O 8. O-O e5 9. d4 exd4 10. Nxd4 Nxd4 11. Qxd4 Nxe4 12. Qd5+ Kh8 13. Nxe4 fxe4 14.
Bxe4 Rb8 15. Bg5 Qe8 16. Rae1 Be6 17. Qd3 Bh3 18. Bg2 Qc8 19. Re7 Bxg2 20. Kxg2 Bxb2 21.
Bh6 Rf5 22. Rfe1 Rh5 23. Bd2 Qh3+ 24. Kf3 Rf8+ 25. Ke2 Qg4+ 26. f3 Rxh2+ 27. Kd1 Rxf3 28. Re8+ Kg7 29. R1e7+ Rf7+ 30. Kc2 Bf6 31. Re4 Qf5 32. Qd5 Qxd5 33. cxd5 Bg5 34. Re2 Rxe2 35. Rxe2 Bxd2 36. Kxd2 Kf8 37. Ke3 Rf5 38. Kd4 h5 39. Re3 Kf7 40.
a3 g5 41. Rb3 b6 42. Rc3 Ke8 43. Rxc7 a5 44. Rb7 Rf3 45. Rxb6 Ke7 46. Rb7+ Kf6 47.
Rh7 Rxa3 48. Rxh5 Ra4+ 49. Kc3 Kf5 50. Rh6 Ke5 51. Re6+ Kxd5 52. Rg6 Ra3+ 53. Kb2 Rxg3 54. Rg8 Rg2+ 55. Kc3 g4 56. Rg5+ Kc6 57. Rxa5 Rg1 58. Kd4 g3 59. Ra6+ Kd7 60. Ra3 Rd1+ 61. Ke3 g2 62. Ra7+ Ke6 63. Rg7 g1=Q+ 64. Rxg1 Rxg1 65.
Kf2 Rg6 66. Ke3 Ke5 67. Kd3 Rg4 68. Ke2 Kd4 0-1

[Event "*** SCC Grand Prix: Titled Tuesday Blitz"]
[Site "Chess.com"]
[Date "2020.06.09"]
[Round "7"]
[White "BJthechessgod"]
[Black "chessplayer9919"]
[Result "0-1"]
[WhiteElo "2165"]
[BlackElo "2525"]
[TimeControl "180+1"]
[EndTime "10:20:29 PDT"]
[Termination "chessplayer9919 won by resignation"]

1. e4 c6 2. d4 d5 3. Nc3 dxe4 4. Nxe4 Bf5 5. Ng3 Bg6 6. h4 h6 7. Nf3 e6 8. Ne5 Bh7 9. Bc4 Nd7 10. Bf4 Ngf6 11.
Qe2 Qa5+ 12. Bd2 Bb4 13. c3 Be7 14. Nxf7 Kxf7 15. Qxe6+ Ke8 16. Qf7+ Kd8 17. Qxg7 Re8 18. O-O Bf8 19. Qh8 Kc7 20. Bf4+ Bd6 21. Bxd6+ Kxd6 22.
Qg7 Kc7 23. Qxh6 b5 24. Qf4+ Kb7 25. Bb3 Qc7 26. Qxc7+ Kxc7 27. Rfe1 a5 28. f3 a4 29. Bf7 Rf8 30. Be6 Rae8 31. Bxd7 Nxd7 32. Kf2 Nb6 33.
Rxe8 Rxe8 34. Re1 Rxe1 35. Kxe1 Bg8 36. h5 Bxa2 37. h6 Bg8 38. Nh5 Nd7 39. g4 Bh7 40. g5 Kd6 41. Nf4 Nf8 42. Kd2 Ng6 43.
Nh5 Nf8 44. Nf6 Bg6 45. f4 Ke6 46. Ke3 Nd7 47. h7 Bxh7 48. Nxh7 Kf5 49. Nf6 Nb6 50.
Ne8 Nc4+ 51. Kf3 Nxb2 52. Nd6+ Ke6 53. Ne4 a3 54. Nd2 a2 55. Nb3 Kf5 56. Na1 Na4 57.
Nc2 Nxc3 58. Ne3+ Kg6 59. f5+ Kxg5 60. Nc2 Kxf5 61. Ke3 Nd5+ 62. Kd3 Nb4+ 63. Nxb4 a1=Q 64. Nxc6 Ke6 65. Nb4 Kd6 66. Nc2 Qa4 67. Kc3 Qc4+ 68. Kb2 Qf1 69. Ne3 Qe2+ 70. Nc2 Kd5 71. Kc3 Qc4+ 72.
Kd2 Ke4 73. Ne3 Qd3+ 74. Kc1 Kxe3 75. Kb2 Qxd4+ 76. Ka2 Qc4+ 77. Kb2 Kd2 78. Kb1 Qb4+ 0-1

[Event "*** SCC Grand Prix: Titled Tuesday Blitz"]
[Site "Chess.com"]
[Date "2020.06.09"]
[Round "7"]
[White "Kapibara_Warri0r"]
[Black "Playgood28"]
[Result "0-1"]
[WhiteElo "2112"]
[BlackElo "2262"]
[TimeControl "180+1"]
[EndTime "10:20:33 PDT"]
[Termination "Playgood28 won by resignation"]

1. e4 e5 2. Nf3 d6 3. d4 exd4 4. Nxd4 Nf6 5. Nc3 Be7 6. Bf4 O-O 7. Be2 a6 8. Qd3 c5 9. Nf5 Bxf5 10. exf5 Nc6 11. g4 Nb4 12. Qd2 d5 13. a3 d4 14. axb4 dxc3 15. bxc3 cxb4 16. Qxd8 Raxd8 17. Bf3 Nd5 18. Bxd5 Rxd5 19. cxb4 Bxb4+ 20. Ke2 Rc8 21. Ra2 Rd4 22. Kf3 Rcc4 23. Be3 Rxg4 24. h3 Rge4 25.
Rd1 h5 26. Rd8+ Kh7 27. Rb2 Re7 28. Rb3 a5 29. Rb1 Re5 30. Rd7 Rxf5+ 31. Kg2 b5 32.
Rbd1 Bc5 33. Bxc5 Rcxc5 34. R1d2 a4 35. Ra7 Rc4 36. Rdd7 Kg6 37. Rd6+ Rf6 38. Rd5 Rb6 39. Ra5 Rxc2 40. Rdxb5 Rxb5 41. Rxb5 Rc4 42. Ra5 f6 43.
f3 h4 44. Kh2 Kh6 45. Kg2 Kg6 46.
Ra6 Kf5 47. Ra5+ Kf4 48. Ra7 Rc2+ 49. Kg1 g5 50. Ra6 f5 51. Rxa4+ Kxf3 52. Ra3+ Ke4 53. Ra4+ Ke5 54. Ra5+ Ke4 55. Ra4+ Kd3 56. Ra3+ Rc3 57.
Ra5 Ke4 58. Ra4+ Kf3 59. Ra5 Kg3 60. Kf1 Rc1+ 61. Ke2 Rc2+ 62. Kd3 Rf2 63. Rxf5 Rxf5 64. Ke4 Kxh3 65. Ke3 Kg3 66. Ke4 h3 67. Kxf5 h2 68.
Kxg5 h1=Q 69. Kf6 Qf1+ 70. Ke6 Qc4+ 71. Ke5 Kf3 72. Kd6 Qb5 73. Ke6 Qc5 74. Kf6 Ke4 75.
Ke6 Qc6+ 76. Kf7 Kf5 0-1

[Event "*** SCC Grand Prix: Titled Tuesday Blitz"]
[Site "Chess.com"]
[Date "2020.06.09"]
[Round "7"]
[White "chito89"]
[Black "Radzio1987"]
[Result "1-0"]
[WhiteElo "2756"]
[BlackElo "2887"]
[TimeControl "180+1"]
[EndTime "10:20:37 PDT"]
[Termination "chito89 won on time"]

1. e4 c6 2. d4 d5 3. Nc3 dxe4 4. Nxe4 Nd7 5. Nf3 Ngf6 6. Ng3 e6 7. Bc4 Be7 8. O-O O-O 9. Qe2 c5 10. dxc5 Bxc5 11. a4 b6 12. b3 Bb7 13. Bb2 Qc7 14.
Rad1 Rad8 15. Rfe1 Qf4 16. Ne5 Nxe5 17. Bxe5 Qxf2+ 18. Qxf2 Bxf2+ 19. Kxf2 Ng4+ 20. Kf1 Rxd1 21. Rxd1 Nxe5 22.
Be2 f5 23. a5 f4 24. Nh1 bxa5 25. Nf2 Rc8 26. Ng4 Nxg4 27. Bxg4 Rc7 28. Bxe6+ Kf8 29. Bf5 g6 30. Bd3 Ke7 31. Ra1 Rc5 32. Kf2 Kf6 33.
Re1 h5 34. Re8 g5 35. Rf8+ Kg7 36. Rd8 Bc6 37. Rd6 a4 38. b4 Rc3 39. Rg6+ Kf7 40.
Rxg5 Ke6 41. Ra5 a3 42. h4 Kd6 43. Rxa7 Bd5 44. Ke1 a2 45. Kd2 Rc8 46. Ra6+ Ke5 47. Ra5 Kd4 48. Ra4 Rg8 49. b5+ Ke5 50. c4 Rxg2+ 51.
Kc3 Bb7 52. c5 f3 53. c6 Bxc6 54. bxc6 Kd6 55. Ra7 Rh2 56. Ra6 Kc7 57. Be4 f2 58. Ra7+ Kd6 59. Bd3 Kxc6 60. Ra6+ Kc5 61. Ra4 Rh1 62.
Ra5+ Kd6 63. Ra6+ Ke5 64. Rxa2 f1=Q 65. Ra5+ 1-0

[Event "*** SCC Grand Prix: Titled Tuesday Blitz"]
[Site "Chess.com"]
[Date "2020.06.09"]
[Round "7"]
[White "Man-Chuk"]
[Black "Tesla37"]
[Result "0-1"]
[WhiteElo "2753"]
[BlackElo "2920"]
[TimeControl "180+1"]
[EndTime "10:20:41 PDT"]
[Termination "Tesla37 won by checkmate"]

1. c4 e5 2. Nc3 Nc6 3. Nf3 Nf6 4. e3 Bb4 5. Nd5 a5 6. a3 Bd6 7. d3 Nxd5 8. cxd5 Ne7 9. e4 O-O 10. d4 f6 11. Bc4 Kh8 12. O-O b6 13. Be3 Ng6 14. Rc1 Bb7 15. g3 Re8 16. Re1 Qe7 17. Bb5 Rac8 18. dxe5 fxe5 19. Kg2 h6 20. h4 Qf7 21. Nh2 Rcd8 22. Qg4 Rf8 23. Re2 Ne7 24. Bc4 Ng8 25. f3 Nf6 26. Qf5 Qe8 27. Qh3 c6 28. dxc6 Bxc6 29. Bxb6 Rc8 30. Bxa5 Qh5 31. Rcc2 Bc5 32.
Be1 Bd4 33. b3 d5 34. exd5 Bd7 35. g4 Qg6 36. h5 Qh7 37. Qg3 e4 38. f4 e3 39. Nf3 Nxd5 40. Bxd5 Rxc2 41. Nxd4 Rxe2+ 42. Nxe2 Qd3 43. Qf3 Bxg4 44. Qxg4 Qxd5+ 45. Qf3 Qxb3 46.
Bc3 Rf7 47. Qc6 Qd1 48. Qxh6+ Kg8 49. Qa6 Qd5+ 50. Kg3 Qxh5 51. Qa8+ Rf8 52. Qf3 Qf5 53. Qg4 Qf7 54. a4 Rd8 55. Bd4 Rd7 56. a5 Qd5 57. Qg5 Qh1 58. Qg4 Qe1+ 59. Kf3 Qf2+ 60. Ke4 Re7+ 61. Be5 Qe1 62. Qc8+ Kf7 63. Qc4+ Kf8 64. Kf5 Qb1+ 65. Kg4 Qg6+ 66. Kf3 Qh5+ 67. Kxe3 Qh3+ 68. Kd2 Qd7+ 69. Nd4 Qh3 70. Bd6 Qe3+ 71. Kc2 Qe4+ 72. Kc3 Qe1+ 73. Kb3 Qb1+ 74. Ka4 Qa1+ 75. Kb5 Qb2+ 76.
Ka6 Qb7# 0-1

[Event "*** SCC Grand Prix: Titled Tuesday Blitz"]
[Site "Chess.com"]
[Date "2020.06.09"]
[Round "7"]
[White "Nikithebest"]
[Black "GMaka"]
[Result "1/2-1/2"]
[WhiteElo "2442"]
[BlackElo "2350"]
[TimeControl "180+1"]
[EndTime "10:20:45 PDT"]
[Termination "Game drawn - insufficient material"]

1. e4 c6 2. d4 d5 3. f3 dxe4 4.
fxe4 Nd7 5. Nf3 e5 6. Bc4 f6 7. dxe5 Nxe5 8. Qxd8+ Kxd8 9. Nxe5 fxe5 10. Bg5+ Nf6 11.
Nc3 Bb4 12. O-O-O+ Ke7 13. Rhf1 Bxc3 14. bxc3 Be6 15.
Bb3 h6 16. Bh4 Rad8 17. Bg3 Rxd1+ 18. Rxd1 Nd7 19. Rf1 g5 20. h4 b5 21. a4 bxa4 22.
Bxa4 Rc8 23. Bb3 c5 24. hxg5 hxg5 25. Rh1 c4 26. Ba4 Kd6 27. Bxd7 Bxd7 28. Rh6+ Be6 29. Rg6 g4 30. Rg5 Rc5 31. Rg7 Rb5 32. Rxa7 Rb6 33. Ra5 Rc6 34. Rxe5 Kd7 35. Rg5 Ke7 36. e5 Kf7 37.
Rh5 Rc5 38. Rh1 Ra5 39. Rf1+ Ke7 40. Rf4 Ra1+ 41. Kd2 Rg1 42. Rf2 Bd5 43. Ke3 Bxg2 44. Rf4 Bf3 45. Rxc4 Rxg3 46. Kf4 Rg2 47. Rc7+ Ke6 48.
Rg7 Rxc2 49. Rg6+ Kf7 50. Rf6+ Ke7 51. Rg6 Rxc3 52. Kf5 Rc5 53. Rg7+ Kf8 54. Rg5 Ra5 55. Kf6 Ra6+ 56. e6 Rb6 57. Rh5 Kg8 58. Rg5+ Kh7 59. Kf7 Kh6 60. Rg6+ Kh5 61. Rf6 Bd5 62. Rf5+ Kh4 63.
Rxd5 g3 64. e7 Rb7 65. Rd2 Rxe7+ 66. Kxe7 Kh3 67. Kf6 g2 68. Rd1 Kh2 69. Rd3 g1=Q 70. Rd5 Kh1 71. Rh5+ Kg2 72. Rg5+ Kf1 73. Rxg1+ Kxg1 1/2-1/2

[Event "*** SCC Grand Prix: Titled Tuesday Blitz"]
[Site "Chess.com"]
[Date "2020.06.09"]
[Round "7"]
[White "olksuna"]
[Black "pheonixking2000"]
[Result "1/2-1/2"]
[WhiteElo "2636"]
[BlackElo "2777"]
[TimeControl "180+1"]
[EndTime "10:22:12 PDT"]
[Termination "Game drawn by 50-move rule"]

1. c4 g6 2. Nc3 Bg7 3. g3 c5 4.
Bg2 Nc6 5. Nf3 e6 6. d4 cxd4 7. Nb5 d5 8. cxd5 Qa5+ 9. Nd2 Qxb5 10. a4 Qc5 11. dxc6 bxc6 12. b3 d3 13. Ba3 Qe5 14.
Rc1 Ne7 15. Nc4 Qxe2+ 16. Qxe2 dxe2 17. Nd6+ Kd7 18. Kxe2 Ba6+ 19. Kf3 Nd5 20. Ne4 Bb7 21. Rhd1 Rab8 22. Nc5+ Kc7 23. Ke2 Rhd8 24. Kf1 Bf8 25.
Bb2 Bxc5 26. Bxd5 Ba6+ 27. Kg2 exd5 28. Rxc5 Rxb3 29. Be5+ Kb7 30. Rdc1 Bc4 31. a5 Rb5 32. Bd4 Re8 33. a6+ Kc7 34. Rxb5 Bxb5 35. Bxa7 Bxa6 36.
Bc5 Bc4 37. Ra1 Rb8 38. Ra7+ Rb7 39. Rxb7+ Kxb7 40. Kf3 Ka6 41. Ke3 Kb5 42. Kd4 Ka4 43. Kc3 Bf1 44. h4 f6 45. Be7 h6 46. Bf8 g5 47. Be7 Be2 48. Kd4 gxh4 49. gxh4 Kb3 50. Bxf6 Kc2 51. Bg7 h5 52. Bh6 Bg4 53. Be3 Bf3 54.
Kc5 Kd3 55. Bd4 Bg2 56. Be3 Ke4 57. Bd4 Bf3 58. Be3 Be2 59. Bd4 Bb5 60. Be3 Kf5 61. Bd4 Kg6 62. Be3 Kf5 63. Bg5 Kg4 64. Kd4 Be2 65. Kc5 Bb5 66. Kd4 Ba4 67. Kc5 Kh3 68. Kd4 Kg4 69. Kc5 Kf3 70. Be3 Bb5 71. Kd4 Bf1 72.
Kc5 Ke4 73. Bd4 Bc4 74. Be3 Ba2 75. Bd4 Bb1 76. Be3 Bd3 77. Bd4 Be2 78. Be3 Ke5 79. Bd4+ Kf5 80. Be3 Kg4 81. Bg5 Bf3 82. Kd4 Kh3 83.
Ke3 Kg2 84. Kd4 Bd1 85. Be3 Bb3 86. Kc5 Bc2 87. Kd4 Be4 88. Kc5 Kf3 89. Kd4 Bf5 90.
Ke5 Bg6 91. Kd4 Bh7 92. Kc5 Ke4 93. Bd4 Bg8 94. Be3 Be6 95. Bd4 Bg8 96. Be3 Kf5 97. Kd4 Ke6 98. Bg5 Kd7 99. Kc5 Kc7 100. Be3 Kb7 101. Bd4 Bf7 1/2-1/2

[Event "*** SCC Grand Prix: Titled Tuesday Blitz"]
[Site "Chess.com"]
[Date "2020.06.09"]
[Round "8"]
[White "Volodar_Murzin"]
[Black "Alexander_Moskalenko"]
[Result "1/2-1/2"]
[WhiteElo "2737"]
[BlackElo "2835"]
[TimeControl "180+1"]
[EndTime "10:29:24 PDT"]
[Termination "Game drawn by repetition"]

1. e4 e6 2. d4 d5 3. Nc3 Nf6 4. e5 Nfd7 5. f4 c5 6. Nf3 Nc6 7. Be3 Qb6 8. a3 cxd4 9. Nxd4 Bc5 10. Na4 Qa5+ 11. Nc3 Qb6 12. Na4 Qa5+ 13. Nc3 Qb6 1/2-1/2

[Event "*** SCC Grand Prix: Titled Tuesday Blitz"]
[Site "Chess.com"]
[Date "2020.06.09"]
[Round "8"]
[White "m_ezat"]
[Black "TomsKantans"]
[Result "0-1"]
[WhiteElo "2469"]
[BlackElo "2631"]
[TimeControl "180+1"]
[EndTime "10:31:03 PDT"]
[Termination "TomsKantans won by resignation"]

1. d4 Nf6 2. c4 e6 3. Nc3 Bb4 4. e3 b6 5. a3 Bxc3+ 6. bxc3 Bb7 7. f3 d6 8. Bd3 Nbd7 9. Ne2 O-O 10. O-O e5 11. e4 Nh5 12. f4 exf4 13. Nxf4 Nxf4 14. Bxf4 Qh4 15. Qd2 Rae8 16. Rae1 Qh5 0-1

[Event "*** SCC Grand Prix: Titled Tuesday Blitz"]
[Site "Chess.com"]
[Date "2020.06.09"]
[Round "8"]
[White "Chess2019Player"]
[Black "bratkoo"]
[Result "0-1"]
[WhiteElo "2168"]
[BlackElo "2328"]
[TimeControl "180+1"]
[EndTime "10:31:08 PDT"]
[Termination "bratkoo won by resignation"]

1. e4 e6 2. d4 d5 3. Nd2 Nf6 4. e5 Nfd7 5. c3 c5 6. Bd3 Nc6 7. Ne2 cxd4 8. cxd4 f6 9. exf6 Nxf6 10. O-O Bd6 11. Nf3 O-O 12. Bg5 Qb6 13. Qb1 Nb4 14. Bf4 Nxd3 15. Qxd3 Bxf4 16. Nxf4 Ne4 17. Nh5 Qxb2 18. Ne5 Rxf2 19. Qg3 Rxf1+ 20. Rxf1 Qxd4+ 21. Kh1 Nxg3+ 0-1

[Event "*** SCC Grand Prix: Titled Tuesday Blitz"]
[Site "Chess.com"]
[Date "2020.06.09"]
[Round "8"]
[White "Rish_97"]
[Black "Onischuk_V"]
[Result "1/2-1/2"]
[WhiteElo "2702"]
[BlackElo "2878"]
[TimeControl "180+1"]
[EndTime "10:31:11 PDT"]
[Termination "Game drawn by repetition"]

1. e4 d6 2. d4 Nf6 3. Nc3 g6 4. f4 Bg7 5. Nf3 O-O 6. e5 dxe5 7. fxe5 Nd5 8. Bc4 Nxc3 9. bxc3 c5 10. O-O Bg4 11. Qd3 Nc6 12. Ng5 e6 13. Qg3 Bf5 14.
Rxf5 exf5 15. e6 Bxd4+ 16. Kf1 Be5 17. Bf4 Qd6 18. Qh4 h5 19. Nxf7 Rxf7 20. exf7+ Kg7 21. Re1 Rf8 22. Rxe5 Nxe5 23. Qe1 Kf6 24. Qh4+ Kg7 25. Qe1 Kf6 26. Qh4+ Kg7 1/2-1/2

[Event "*** SCC Grand Prix: Titled Tuesday Blitz"]
[Site "Chess.com"]
[Date "2020.06.09"]
[Round "8"]
[White "arminmusovic"]
[Black "killer311"]
[Result "1-0"]
[WhiteElo "2547"]
[BlackElo "2393"]
[TimeControl "180+1"]
[EndTime "10:31:27 PDT"]
[Termination "arminmusovic won by resignation"]

1. e4 c6 2. c4 d5 3. cxd5 cxd5 4.
exd5 Nf6 5. d4 Nxd5 6. h3 Nc6 7.
Nc3 g6 8. Bc4 Nxc3 9. bxc3 Bg7 10. Nf3 O-O 11. O-O Bf5 12. Re1 Rc8 13. Bg5 Re8 14.
Bb5 Qd5 15. c4 Qd6 16. d5 a6 17. dxc6 axb5 18. cxb7 Rb8 19. Qxd6 exd6 20. Rxe8+ Rxe8 21. Re1 Rb8 22. cxb5 Bd7 23. a4 Rxb7 24. Rd1 h6 25.
Be3 Ra7 26. Bxa7 1-0

[Event "*** SCC Grand Prix: Titled Tuesday Blitz"]
[Site "Chess.com"]
[Date "2020.06.09"]
[Round "8"]
[White "vinniethepooh"]
[Black "RusPakhom"]
[Result "1-0"]
[WhiteElo "2561"]
[BlackElo "2391"]
[TimeControl "180+1"]
[EndTime "10:31:32 PDT"]
[Termination "vinniethepooh won by checkmate"]

1. d4 d5 2. c4 e6 3. Nc3 c6 4.
Nf3 dxc4 5. Bg5 Nf6 6. e4 Be7 7. Bxc4 O-O 8. Bd3 a6 9. h4 b5 10. e5 Nd5 11. Bxe7 Qxe7 12. Bxh7+ Kxh7 13. Ng5+ Kg6 14. Qd3+ Kh6 15. Qh7# 1-0

[Event "*** SCC Grand Prix: Titled Tuesday Blitz"]
[Site "Chess.com"]
[Date "2020.06.09"]
[Round "8"]
[White "von_Eschenbach"]
[Black "Margarita2907"]
[Result "1-0"]
[WhiteElo "2310"]
[BlackElo "2060"]
[TimeControl "180+1"]
[EndTime "10:31:41 PDT"]
[Termination "von_Eschenbach won by resignation"]

1. e4 c5 2. Nf3 d6 3. d4 cxd4 4. Nxd4 Nf6 5. Nc3 a6 6. Be3 e5 7. Nf3 Be7 8. Bc4 h6 9. Bb3 Nbd7 10. O-O O-O 11. Nh4 Nb6 12. Ng6 Re8 13. h3 Kh7 14. Bxf7 Bd7 15. Bxe8 Bxe8 16. Nxe7 Nc4 17. Ned5 Nxd5 18.
Nxd5 1-0

[Event "*** SCC Grand Prix: Titled Tuesday Blitz"]
[Site "Chess.com"]
[Date "2020.06.09"]
[Round "8"]
[White "Caracternin123"]
[Black "Nafania1"]
[Result "0-1"]
[WhiteElo "2551"]
[BlackElo "2454"]
[TimeControl "180+1"]
[EndTime "10:31:54 PDT"]
[Termination "Nafania1 won by resignation"]

1. d4 Nf6 2. Nf3 e6 3. g3 d5 4. Bg2 Be7 5. O-O O-O 6. c4 dxc4 7. Qc2 a6 8. a4 Bd7 9. Qxc4 Bc6 10. Qc2 Be4 11. Qd1 c5 12. dxc5 Bxc5 13. Nc3 Bc6 14. Ne5 Bxg2 15. Kxg2 Qc7 16. Bf4 g5 17. Bxg5 Qxe5 18.
f4 Qf5 19. Qb3 Nbd7 20. Qxb7 Rab8 21. Qxa6 Rxb2 22. a5 Ne4 23. Qd3 Nxc3 24. Qxc3 Rxe2+ 25. Kh1 Qh3 0-1

[Event "*** SCC Grand Prix: Titled Tuesday Blitz"]
[Site "Chess.com"]
[Date "2020.06.09"]
[Round "8"]
[White "lachesisQ"]
[Black "Bulldog167"]
[Result "1-0"]
[WhiteElo "3042"]
[BlackElo "2788"]
[TimeControl "180+1"]
[EndTime "10:32:10 PDT"]
[Termination "lachesisQ won by resignation"]

1. d4 e6 2. c4 d5 3. Nc3 Nf6 4.
cxd5 exd5 5. Bg5 c6 6. e3 Be7 7.
Qc2 Nbd7 8. Bd3 Nh5 9. Bxe7 Qxe7 10. O-O-O g6 11. Nf3 Nb6 12. Kb1 Bg4 13. Rc1 Bxf3 14.
gxf3 O-O-O 15. Na4 Nxa4 16. Qxa4 Kb8 17. Rc3 Rd7 18.
Ra3 a6 19. Rc1 Rc8 20. Rcc3 Nf6 21. Rcb3 Kc7 22. Rxb7+ Kxb7 23. Bxa6+ Kc7 24. Qa5+ Kd6 25. Bxc8 1-0

[Event "*** SCC Grand Prix: Titled Tuesday Blitz"]
[Site "Chess.com"]
[Date "2020.06.09"]
[Round "8"]
[White "biaf13"]
[Black "JoachimMouhamad"]
[Result "0-1"]
[WhiteElo "2074"]
[BlackElo "2475"]
[TimeControl "180+1"]
[EndTime "10:32:16 PDT"]
[Termination "JoachimMouhamad won by resignation"]

1. e4 e5 2. Nf3 Nc6 3. Bc4 Nf6 4. Ng5 d5 5. exd5 Na5 6. Bb5+ c6 7. dxc6 bxc6 8. Bd3 Nd5 9. Nf3 Bd6 10. O-O Nf4 11. Be2 e4 12. Nd4 Nxg2 13. Kxg2 Qg5+ 14. Bg4 Bxg4 15. f4 Bf3+ 16. Kf2 Qg2+ 17. Ke1 Bxd1 0-1

[Event "*** SCC Grand Prix: Titled Tuesday Blitz"]
[Site "Chess.com"]
[Date "2020.06.09"]
[Round "8"]
[White "chesslh19"]
[Black "GMJustin"]
[Result "1/2-1/2"]
[WhiteElo "2121"]
[BlackElo "2293"]
[TimeControl "180+1"]
[EndTime "10:32:22 PDT"]
[Termination "Game drawn by agreement"]

1. e4 e5 2. Nf3 Nc6 3. Bb5 a6 4. Ba4 Nf6 5. O-O Be7 6. Re1 b5 7.
Bb3 d6 8. c3 O-O 9. h3 Be6 10. d4 Bxb3 11. axb3 exd4 12. cxd4 d5 13. e5 Ne4 14. Nc3 f5 15. exf6 Nxf6 1/2-1/2

[Event "*** SCC Grand Prix: Titled Tuesday Blitz"]
[Site "Chess.com"]
[Date "2020.06.09"]
[Round "8"]
[White "Irishchessman16"]
[Black "MNyuyu"]
[Result "0-1"]
[WhiteElo "2458"]
[BlackElo "2367"]
[TimeControl "180+1"]
[EndTime "10:32:24 PDT"]
[Termination "MNyuyu won by resignation"]

1. e4 d5 2. exd5 Qxd5 3. Nc3 Qd8 4. d4 c6 5. Bf4 Bf5 6. Qd2 e6 7. O-O-O Nf6 8. h3 Bb4 9. f3 Nd5 10. a3 Nxc3 11. axb4 Nxd1 12. Qxd1 O-O 13. g4 Bg6 14. h4 f6 15. Bc4 Bf7 16. h5 Nd7 17. Qd2 Nb6 18. Bb3 Nd5 19. Bg3 a5 20. b5 cxb5 21. h6 g6 22. g5 a4 23. Ba2 b4 24.
gxf6 b3 25. cxb3 axb3 26. Bxb3 Ra1+ 27. Kc2 Qb6 28. Bc4 Rc8 29. Kd3 Nb4+ 30. Ke4 Rxc4 31. b3 Qc6+ 0-1

[Event "*** SCC Grand Prix: Titled Tuesday Blitz"]
[Site "Chess.com"]
[Date "2020.06.09"]
[Round "8"]
[White "Kolle05"]
[Black "Sanyura"]
[Result "1-0"]
[WhiteElo "2379"]
[BlackElo "2476"]
[TimeControl "180+1"]
[EndTime "10:32:26 PDT"]
[Termination "Kolle05 won by resignation"]

1. e4 c5 2. Nf3 e6 3. d3 Nc6 4. g3 d5 5. Nbd2 Nge7 6. Bg2 g6 7. O-O Bg7 8. Re1 O-O 9. c3 Qc7 10. Qe2 b6 11. e5 Ba6 12. Nf1 h6 13. h4 d4 14. c4 b5 15. b3 bxc4 16. bxc4 Rab8 17.
Bf4 Rb7 18. Qd2 Kh7 19. N1h2 Rfb8 20. Ng4 Rb2 21. Qc1 Nf5 22. Nf6+ Bxf6 23. exf6 Qd8 24. g4 Nb4 25. Qxb2 Nxd3 26. Qxb8 Qxf6 27. gxf5 Qxf5 28.
Be5 f6 29. Qxa7+ Kg8 30. Rab1 1-0

[Event "*** SCC Grand Prix: Titled Tuesday Blitz"]
[Site "Chess.com"]
[Date "2020.06.09"]
[Round "8"]
[White "m-garcett"]
[Black "Fortitudine"]
[Result "0-1"]
[WhiteElo "2075"]
[BlackElo "2253"]
[TimeControl "180+1"]
[EndTime "10:32:32 PDT"]
[Termination "Fortitudine won by checkmate"]

1. e4 d6 2. d4 Nf6 3. Nc3 e5 4. Nf3 exd4 5. Nxd4 Be7 6. Bc4 O-O 7. Be3 Ng4 8. Bf4 Nd7 9. f3 Nge5 10. Bb3 Nc5 11. Qd2 Ng6 12. Be3 a5 13. O-O-O a4 14. Bc4 Ne5 15. Be2 c6 16. h4 Qa5 17. Kb1 a3 18.
Nd5 cxd5 19. b4 Qb6 20. Nf5 Bxf5 21. exf5 Nc4 22. Bxc4 dxc4 23. Ka1 Qb5 24. bxc5 Qb2# 0-1

[Event "*** SCC Grand Prix: Titled Tuesday Blitz"]
[Site "Chess.com"]
[Date "2020.06.09"]
[Round "8"]
[White "ChelsieMonica"]
[Black "ehrenfeld"]
[Result "1-0"]
[WhiteElo "2381"]
[BlackElo "2482"]
[TimeControl "180+1"]
[EndTime "10:32:36 PDT"]
[Termination "ChelsieMonica won by resignation"]

1. c4 e5 2. Nc3 Bb4 3. Nf3 Bxc3 4. dxc3 d6 5. e4 Nf6 6. Bd3 O-O 7. O-O Nbd7 8. b4 b6 9. a4 a5 10. Bd2 Bb7 11. Qe2 Qe7 12. Nh4 g6 13. Bg5 Qe6 14.
Rae1 axb4 15. cxb4 Rxa4 16. b5 Nc5 17. f4 exf4 18.
Rxf4 Nfd7 19. Bh6 Re8 20. Ref1 Ne5 21. Rf6 Qg4 22. Rxf7 Qxh4 23. Rf8+ 1-0

[Event "*** SCC Grand Prix: Titled Tuesday Blitz"]
[Site "Chess.com"]
[Date "2020.06.09"]
[Round "8"]
[White "trriinu"]
[Black "Bubachess1608"]
[Result "1-0"]
[WhiteElo "2077"]
[BlackElo "2276"]
[TimeControl "180+1"]
[EndTime "10:32:38 PDT"]
[Termination "trriinu won by checkmate"]

1. e4 c5 2. Nc3 e6 3. g3 a6 4. Bg2 Qc7 5. a4 Nf6 6. d3 Be7 7. f4 d6 8. Nge2 O-O 9. O-O Nc6 10. h3 Rb8 11. g4 b5 12. axb5 axb5 13. Ng3 b4 14.
Nce2 d5 15. g5 Ne8 16. exd5 exd5 17. f5 Bd6 18. Nf4 d4 19. Qh5 g6 20. fxg6 fxg6 21. Bd5+ Rf7 22. Nxg6 hxg6 23. Qxg6+ Ng7 24. Rxf7 Qxf7 25.
Qxf7+ Kh7 26. g6+ Kh8 27. Qg8# 1-0

[Event "*** SCC Grand Prix: Titled Tuesday Blitz"]
[Site "Chess.com"]
[Date "2020.06.09"]
[Round "8"]
[White "LyonBeast"]
[Black "vladislavkovalev"]
[Result "1/2-1/2"]
[WhiteElo "2975"]
[BlackElo "2951"]
[TimeControl "180+1"]
[EndTime "10:32:39 PDT"]
[Termination "Game drawn by agreement"]

1. c4 Nf6 2. g3 e6 3. Bg2 d5 4. Nf3 Be7 5. O-O O-O 6. d3 c5 7. Bf4 Nc6 8. Ne5 Nxe5 9. Bxe5 Nd7 10. Bc3 d4 11. Bd2 e5 12. Na3 Nf6 13. Nc2 Bf5 14.
Bg5 Nd7 15. Bxe7 Qxe7 16. e4 Be6 17. f4 f6 18. Qd2 a6 19. a4 b6 20. Na3 Nb8 21. fxe5 fxe5 22. Rxf8+ Qxf8 23. Rf1 Qe7 24. h4 Nc6 25. Nc2 Rf8 26. Rxf8+ Kxf8 27. Bf3 Qf6 28.
Bd1 a5 1/2-1/2

[Event "*** SCC Grand Prix: Titled Tuesday Blitz"]
[Site "Chess.com"]
[Date "2020.06.09"]
[Round "8"]
[White "cukus"]
[Black "Zurability"]
[Result "0-1"]
[WhiteElo "2461"]
[BlackElo "2664"]
[TimeControl "180+1"]
[EndTime "10:32:51 PDT"]
[Termination "Zurability won by resignation"]

1. e4 c5 2. Nf3 d6 3. d4 cxd4 4.
Nxd4 Nf6 5. Nc3 a6 6. Be3 e5 7.
Nb3 Be6 8. f3 h5 9. Nd5 Bxd5 10.
exd5 Nbd7 11. Qd2 Rc8 12. Be2 Nb6 13. Bg5 Nbxd5 14. O-O-O Be7 15. Kb1 O-O 16. g4 hxg4 17.
fxg4 Nc3+ 18. bxc3 Ne4 19. Qe3 Nxc3+ 20. Ka1 Bxg5 21. Qf2 Nxd1 22. Rxd1 Rxc2 23. Qf3 Qc7 24. Qd3 e4 0-1